 Dungeon Crawl Stone Soup version 0.23.1-37-gaa34b87 (webtiles) character file.

Game seed: 2147733607223718879

587154 Kairos the Conqueror (level 27, -13/273 HPs)
             Began as a Hill Orc Fighter on Mar 24, 2019.
             Was the Champion of Okawaru.
             Killed from afar by an orb of fire (18 damage)
             ... with a bolt of fire
             ... on level 5 of the Realm of Zot.
             The game lasted 03:14:22 (42474 turns).

Kairos the Conqueror (Hill Orc Fighter)            Turns: 42474, Time: 03:14:23

Health: -13/273    AC: 41    Str: 35    XL:     27
Magic:  1/41       EV: 17    Int: 25    God:    Okawaru [******]
Gold:   3365       SH: 36    Dex:  9    Spells: 49/54 levels left

rFire    + + .     SeeInvis +   L - +9 broad axe (elec)
rCold    + + .     Gourm    .   h - +8 large shield of Xipuaf {MR+}
rNeg     + + +     Faith    .   T - +4 storm dragon scales "Odyhaa" {+Inv rElec}
rPois    +         Spirit   .   A - +3 helmet of the Nexus {rF+ Regen+ SInv}
rElec    +         Reflect  .   M - +2 ratskin cloak {+Rats rPois rN+ Str-1 Int-1 Dex+1}
rCorr    .         Harm     .   V - +2 pair of gloves "Qeesk" {*Contam rPois Int+6 Dex+2}
MR       +++++                  y - +2 pair of boots {run}
Stlth    +.........             a - macabre finger necklace {rN+}
HPRegen  1.95/turn              J - ring "Mowocogyro" {rC+ Int+7 Dex-2}
MPRegen  0.27/turn              e - ring of the Shrike {*Drain rElec rN+ Str+4}
                                l - ring "Mav Daut" {rPois rF+ MR+ Int+3 Stlth-}

@: heroism, finesse, regenerating, hasted and slowed, quick
A: blurry vision 1, clever 1, clumsy 1, cold resistance 1, magic resistance 1,
MP-powered wands
}: 3/15 runes: serpentine, barnacled, silver
a: Heroism, Finesse, Renounce Religion, Evoke Ratskin, Evoke Invisibility


You were on level 5 of the Realm of Zot.
You worshipped Okawaru.
Okawaru was exalted by your worship.
You were not hungry.

You visited 10 branches of the dungeon, and saw 50 of its levels.
You also visited: Gauntlet.

You collected 6208 gold pieces.
You spent 2843 gold pieces at shops.

Inventory:

Hand Weapons
 L - a +9 broad axe of electrocution (weapon)
 R - a +9 demon whip of electrocution
 U - the +4 broad axe of Risk Management {freeze, rC+ Int+2}
   (Okawaru gifted it to you on level 4 of the Snake Pit)

   It has been specially enchanted to freeze those struck by it, causing extra
   injury to most foes and up to half again as much damage against particularly
   susceptible opponents.
   It can also slow down cold-blooded creatures.
   It affects your intelligence (+2).
   It protects you from cold.
Missiles
 B - 5 silver tomahawks (quivered)
 W - 27 steel javelins
 Z - 8 throwing nets
Armour
 c - the +0 shield of the Postmodern Curses {rC- MR++ Regen+ rCorr}
   (You acquired it on level 3 of the Shoals)

   It makes you vulnerable to cold.
   It affects your resistance to hostile enchantments.
   It increases your rate of regeneration.
   It provides partial protection from all sources of acid and corrosion.
 h - the +8 large shield of Xipuaf (worn) {MR+}
   (You took it off a daeva on level 2 of the Depths)

   It affects your resistance to hostile enchantments.
 k - the +1 cloak "Ebedan" {+Blink MR+ Str+4 SInv}
   (You found it on level 3 of the Elven Halls)

   It affects your strength (+4).
   It affects your resistance to hostile enchantments.
   It lets you see invisible.
   It lets you blink.
 m - the +10 chain mail "Faun" {Dex+3}
   (Okawaru gifted it to you on level 4 of the Vaults)

   It affects your dexterity (+3).
 y - a +2 pair of boots of running (worn)
 A - the +3 helmet of the Nexus (worn) {rF+ Regen+ SInv}
   (You found it on level 4 of the Dungeon)

   It protects you from fire.
   It lets you see invisible.
   It increases your rate of regeneration.
 K - a scarf of resistance
 M - the +2 ratskin cloak (worn) {+Rats rPois rN+ Str-1 Int-1 Dex+1}
   (Okawaru gifted it to you on level 6 of the Lair of Beasts)

   It affects your strength (-1).
   It affects your intelligence (-1).
   It affects your dexterity (+1).
   It protects you from poison.
   It protects you from negative energy.
 T - the +4 storm dragon scales "Odyhaa" (worn) {+Inv rElec}
   (Okawaru gifted it to you on level 5 of the Vaults)

   It insulates you from electricity.
   It lets you turn invisible.
 V - the +2 pair of gloves "Qeesk" (worn) {*Contam rPois Int+6 Dex+2}
   (You acquired it on level 1 of the Shoals)

   It affects your intelligence (+6).
   It affects your dexterity (+2).
   It protects you from poison.
   It causes magical contamination when unequipped.
Jewellery
 a - the macabre finger necklace (around neck) {rN+}
   (You bought it in a shop on level 1 of the Elven Halls)

   [amulet of nothing]

   It protects you from negative energy.
 e - the ring of the Shrike (right hand) {*Drain rElec rN+ Str+4}
   (You found it on level 3 of the Elven Halls)

   [ring of positive energy]

   It affects your strength (+4).
   It insulates you from electricity.
   It protects you from negative energy.
   It causes draining when unequipped.
 l - the ring "Mav Daut" (on amulet) {rPois rF+ MR+ Int+3 Stlth-}
   (You bought it in a shop on level 1 of the Elven Halls)

   [ring of attention]

   It affects your intelligence (+3).
   It protects you from fire.
   It protects you from poison.
   It affects your resistance to hostile enchantments.
   It makes you less stealthy.
 u - the ring "Zeruxt" {EV+4 Int+2}
   (You found it on level 4 of the Shoals)

   [ring of evasion]

   It affects your evasion (+4).
   It affects your intelligence (+2).
 E - the cursed necklace of Bloodlust {*Rage +Rage MR++ Int-3 Slay+6 *Curse}
   (You found it on level 4 of the Vaults)

   [amulet of rage]

   It affects your intelligence (-3).
   It affects your accuracy and damage with ranged weapons and melee attacks
   (+6).
   It affects your resistance to hostile enchantments.
   It lets you go berserk.
   It may make you go berserk in combat.
   It curses itself when equipped.
   It has a curse placed upon it.
 J - the ring "Mowocogyro" (left hand) {rC+ Int+7 Dex-2}
   (You found it on level 6 of the Dungeon)

   [ring of protection from cold]

   It affects your intelligence (+7).
   It affects your dexterity (-2).
   It protects you from cold.
Wands
 b - a wand of scattershot (5)
 n - a wand of paralysis (26)
 w - a wand of clouds (11)
 z - a wand of digging (37)
 O - a wand of iceblast (26)
 X - a wand of acid (25)
Scrolls
 g - 6 scrolls of identify
 i - 22 scrolls of teleportation
 j - a scroll of silence
 r - 6 scrolls of fog
 s - 3 scrolls of enchant weapon
 t - 6 scrolls of fear
 D - a scroll of magic mapping
 G - 26 scrolls of remove curse
 I - 6 scrolls of blinking
 N - 2 scrolls of brand weapon
 Q - 4 scrolls of enchant armour
 S - 2 scrolls of holy word
 Y - a scroll of summoning
Potions
 d - 6 potions of might
 o - 4 potions of lignification
 p - 3 potions of resistance
 q - 23 potions of curing
 v - 10 potions of heal wounds
 x - 8 potions of flight
 C - 2 potions of brilliance
 F - 4 potions of magic
 H - 4 potions of haste
 P - 6 potions of agility
Comestibles
 f - 60 rations


   Skills:
 O Level 27 Fighting
 - Level 17.8(23.4) Axes
 - Level 7.0(17.2) Maces & Flails
 + Level 0.2(5.2) Throwing
 + Level 18.5(23.5) Armour
 + Level 12.2(17.2) Dodging
 * Level 6.9(11.9) Stealth
 + Level 20.6(25.6) Shields
 * Level 14.1 Spellcasting
 - Level 6.7 Charms
 - Level 7.3 Necromancy
 - Level 4.4 Translocations
 - Level 9.8 Invocations
 + Level 9.0 Evocations


You had 49 spell levels left.
You knew the following spells:

 Your Spells              Type           Power        Failure   Level  Hunger
a - Blink                 Tloc           N/A          1%          2    None
b - Regeneration          Chrm/Necr      ######....   1%          3    None

Your spell library contained the following spells:

 Spells                   Type           Power        Failure   Level  Hunger
 Animate Skeleton         Necr           N/A          1%          1    None
 Pain                     Necr           ####         1%          1    None
 Vampiric Draining        Necr           ######....   1%          3    None
 Gell's Gravitas          Tloc           #####.....   3%          3    None
 Animate Dead             Necr           N/A          3%          4    None
 Ozocubu's Armour         Chrm/Ice       ####....     4%          3    None
 Spectral Weapon          Hex/Chrm       ####....     4%          3    None
 Beastly Appendage        Tmut           ###...       7%          1    None
 Confusing Touch          Hex            ###...       7%          1    None
 Corona                   Hex            ###....      7%          1    None
 Flame Tongue             Conj/Fire      ###..        7%          1    None
 Freeze                   Ice            ###.         7%          1    None
 Magic Dart               Conj           ###.         7%          1    None
 Sandblast                Erth           ###...       7%          1    None
 Shock                    Conj/Air       ###.         7%          1    None
 Portal Projectile        Hex/Tloc       ####..       8%          3    None
 Call Imp                 Summ           ###.....     10%         2    None
 Ensorcelled Hibernation  Hex/Ice        ###...       10%         2    None
 Passwall                 Tmut/Erth      ###.....     10%         2    None
 Poisonous Vapours        Pois/Air       ###...       10%         2    None
 Searing Ray              Conj           ###...       10%         2    None
 Slow                     Hex            ###.....     10%         2    None
 Throw Flame              Conj/Fire      ###...       10%         2    None
 Throw Frost              Conj/Ice       ###...       10%         2    None
 Confuse                  Hex            ###.....     21%         3    None
 Conjure Flame            Conj/Fire      ###.....     21%         3    None
 Dazzling Spray           Conj/Hex       ###...       21%         3    None
 Inner Flame              Hex/Fire       ###.....     21%         3    None
 Mephitic Cloud           Conj/Pois/Air  ###.....     21%         3    None
 Stone Arrow              Conj/Erth      ###...       21%         3    None
 Tukima's Dance           Hex            ###.....     21%         3    None
 Force Lance              Conj/Tloc      ####....     26%         4    None
 Cause Fear               Hex            ###.......   54%         4    None
 Fulminant Prism          Conj/Hex       ###.......   54%         4    None
 Ice Form                 Ice/Tmut       ###.....     54%         4    None
 Iskenderun's Mystic Bla  Conj           ###.....     54%         4    None
 Leda's Liquefaction      Hex/Erth       ###.......   54%         4    None
 Petrify                  Tmut/Erth      ###.....     54%         4    None
 Sticky Flame             Conj/Fire      ###.....     54%         4    None
 Summon Ice Beast         Ice/Summ       ###.....     54%         4    None
 Throw Icicle             Conj/Ice       ###.....     54%         4    None
 Bolt of Magma            Conj/Fire/Erth ###.......   88%         5    ##.....
 Fireball                 Conj/Fire      ###.......   88%         5    ##.....
 Irradiate                Conj/Tmut      ###.......   88%         5    ##.....
 Lee's Rapid Deconstruct  Erth           ###.......   88%         5    ##.....
 Metabolic Englaciation   Hex/Ice        ###.......   88%         5    ##.....
 Silence                  Hex/Air        ###.......   88%         5    ##.....
 Summon Mana Viper        Hex/Summ       ###.....     88%         5    ##.....
 Yara's Violent Unravell  Hex/Tmut       ###.......   88%         5    ##.....
 Simulacrum               Ice/Necr       #####.....   92%         6    ####...
 Deflect Missiles         Chrm/Air       ####......   95%         6    ####...
 Freezing Cloud           Conj/Ice/Air   ###.......   100%        6    ####...
 Iron Shot                Conj/Erth      ###.......   100%        6    ####...
 Poison Arrow             Conj/Pois      ###.......   100%        6    ####...
 Statue Form              Tmut/Erth      ###......    100%        6    ####...
 Ring of Flames           Chrm/Fire      ####......   100%        7    ######.
 Chain Lightning          Conj/Air       ###.......   100%        8    #######
 Discord                  Hex            ###.......   100%        8    #######
 Lehudib's Crystal Spear  Conj/Erth      ###.......   100%        8    #######
 Dragon's Call            Summ           ###.......   100%        9    #######
 Fire Storm               Conj/Fire      ###.......   100%        9    #######
 Glaciate                 Conj/Ice       ###.......   100%        9    #######
 Shatter                  Erth           ###.......   100%        9    #######


Dungeon Overview and Level Annotations

Branches:
Dungeon (15/15)            Temple (0/1) D:5            Lair (6/6) D:10
 Shoals (4/4) Lair:3        Snake (4/4) Lair:3        Slime (0/5) Lair:6
    Orc (2/2) D:9             Elf (3/3) Orc:2        Vaults (5/5) D:13
  Crypt (1/3) Vaults:2     Depths (5/5) D:15            Zot (5/5) Depths:5

Altars:
Ashenzari
Cheibriados
Elyvilon
Hepliaklqana
Kikubaaqudgha
Makhleb
Okawaru
Qazlal
Trog
Vehumet
Xom
Yredelemnul
Beogh

Shops:
D:5 =   D:9 *   Orc:2 =[[(   Elf:1 :?=!!   Elf:2 !   Elf:3 %   Shoals:4 ?
Snake:4 *(   Vaults:1 %   Vaults:2 *[(:   Depths:1 %=(

Portals:
Hell: Depths:1 Depths:3 Depths:4
Abyss: Depths:1
Pandemonium: Depths:3
Ziggurat: Depths:2
Trove: Vaults:3 (give +4 ice dragon scales)

Annotations:
Snake:2 1 runed translucent door, grocchini's ghost, adept VSAs


Innate Abilities, Weirdness & Mutations

Scrolls take you a little longer to read.
Your mind is acute. (Int +2)
You are clumsy. (Dex -2)
Your flesh is cold resistant. (rC+)
You are resistant to hostile enchantments. (MR+)
You expend magic power (3 MP) to strengthen your wands.


Message History

Okay, then.
Casting: Blink (safe; 1% risk of failure)
Confirm with . or Enter, or press ? or * to list all spells.
You don't have enough magic to cast that spell.
Your blink will be uncontrolled - continue anyway?
Really read with blurry vision while enemies are nearby?
Okay, then.
Unknown command.
Unknown command.
You block the Orb Guardian's attack.
The ancient lich gestures at you while chanting.
The bolt of lightning hits you! You resist.
* * * LOW HITPOINT WARNING * * *
The ghost moth stares at you.
The ancient lich gestures wildly while chanting.
The ancient lich seems to speed up.
An orb of fire comes into view.
The orb of fire emits a lurid red light.
The bolt of fire hits you!! You resist.
You die...

#....,,*....#* *****
.....####....#* **,,,**
*#......##....## **,,,,,**
,*#......##.⌠..###*,,,,,,<*
,,*#...#####.....#*,,,,,,,*
,,,+.....#.##....##,,,,,,,***
,,##.<......##....##,,,,,**,*
,##.##........)....##,,,**,,***
+#.....#.....###@...#*+**,*,*,**
...#.#####.###*....##*,,,,,,,,,*
#+*#<^.#.###...*...#,,,****,,,,*
,,,###.....#.LX..###*,,**,,,,,,*
,,,,**.#..##*L.###*,,***,,,,,***
,,,⌠,####/..XX##,,*,,*,,,,,,,,***
,,,,,#.,#..##z##,,,,,*,,,,*,,,,,*
,,,,,#.##.##*yX##,,***+*****,,,,,
,,,,##..###XpX..##**,,,**,,*,,,,,


You could see 4 orbs of fire, 2 ancient liches, a death cob, 3 Orb Guardians and
a ghost moth (invisible).

Vanquished Creatures
  2 ancient liches (Vaults:5)
  Mara (Snake:3)
  An orb of fire (Zot:5)
  A juggernaut (Depths:3)
  The ghost of hyperkahler the Slayer, a veteran MiFi of Cheibriados (Vaults:1)
  Margery (Vaults:5)
  Vashnia (Snake:4)
  9 golden dragons
  A curse toe (Zot:1)
  A caustic shrike (Depths:3)
  the Enchantress (Depths:2)
  2 bone dragons (Depths:5)
  An electric golem (Zot:4)
  3 liches
  9 tentacled monstrosities
  5 Orb Guardians (Zot:5)
  3 deep elf blademasters (Elf:3)
  The ghost of vishdafish the Blocker, an adept GnFi of Vehumet (Elf:3)
  8 titans
  A deep elf master archer (Elf:3)
  3 quicksilver dragons
  A sphinx (Vaults:5)
  2 krakens
  6 death cobs
  The ghost of Irenicus the Earth Mage, an adept DDEE of Makhleb (Snake:4)
  4 tengu reavers
  A daeva (Depths:2)
  Gastronok (Lair:3)
  19 storm dragons
  10 shadow dragons
  8 fire giants
  Ilsuiw (Shoals:3)
  5 nagarajas
  11 vault wardens
  10 deep elf sorcerers
  2 draconian knights
  A ghost moth (shapeshifter) (Elf:3)
  2 orc warlords (Vaults:1)
  3 frost giants
  3 draconian scorchers
  2 iron dragons (Depths:4)
  2 draconian shifters
  A juggernaut zombie (Depths:4)
  An angel (Depths:2)
  6 deep elf elementalists (Elf:3)
  3 spriggan defenders (Depths:2)
  2 draconian annihilators
  21 ironheart preservers
  22 stone giants
  3 entropy weavers
  A war gargoyle (Vaults:5)
  20 very ugly things
  The ghost of Yunesin the Severer, a journeyman MiBe of Trog (Shoals:2)
  2 vampire knights
  6 green draconians
  5 black draconians
  5 purple draconians
  7 deep elf demonologists
  6 red draconians
  7 yellow draconians
  A minotaur (Gauntlet)
  12 deep elf annihilators
  6 white draconians
  8 spark wasps
  8 ettins
  4 fire dragons
  3 merfolk javelineers
  9 deep elf death magi
  22 yaktaur captains
  4 great orbs of eyes
  9 merfolk impalers
  10 hydras
  9 naga warriors
  10 deep elf high priests
  31 vault guards
  3 rakshasas
  35 two-headed ogres
  12 ice dragons
  4 spriggan air magi
  3 alligator snapping turtles
  A merfolk avatar (Shoals:1)
  6 anacondas
  Erica (D:8)
  10 centaur warriors
  6 merfolk aquamancers
  2 large abominations (Elf:3)
  A death knight (Vaults:5)
  13 ogre magi
  5 satyrs
  25 dancing weapons
  6 death yaks (Lair:6)
  8 tengu warriors
  A queen ant (Gauntlet)
  2 vampire magi (Depths:3)
  23 naga sharpshooters
  9 deep troll shamans
  2 shock serpents
  3 small abominations
  3 spriggan berserkers
  6 deep troll earth magi
  8 orc high priests
  Sonja (D:12)
  22 deep elf knights
  Urug (Lair:3)
  A fire crab (D:13)
  A storm dragon skeleton (Vaults:3)
  10 skeletal warriors
  3 iron trolls (Depths:3)
  3 hell knights
  A shadow wraith (Vaults:2)
  36 deep trolls
  14 sea snakes
  4 naga ritualists
  A deep troll (shapeshifter) (Elf:3)
  2 unseen horrors
  2 glowing orange brains
  2 flayed ghosts
  A tengu zombie (Depths:4)
  9 wizards
  4 phantasmal warriors
  A sphinx zombie (Vaults:2)
  10 ironbrand convokers
  19 deep elf archers
  31 orc knights
  8 orc sorcerers
  40 ugly things
  24 harpies
  7 wolf spiders
  A frost giant zombie (Vaults:3)
  64 deep elf magi
  2 fauns (shapeshifter)
  15 necromancers
  4 mana vipers
  A fire giant zombie (Vaults:5)
  2 manticores (shapeshifter)
  9 cyclopes
  9 manticores
  A sphinx skeleton (D:15)
  5 moths of wrath
  2 stone giant zombies (D:15)
  3 salamanders (shapeshifter)
  23 fauns
  A moth of wrath (shapeshifter) (Vaults:5)
  3 frost giant skeletons
  3 human skeletons
  3 stone giant skeletons
  24 naga magi
  27 black mambas
  12 merfolk sirens
  21 vault sentinels
  Psyche (D:8)
  3 guardian serpents (shapeshifter)
  11 elephants
  A torpor snail (Lair:2)
  Maurice (D:8)
  A smoke demon (Gauntlet)
  A hellion (Gauntlet)
  4 water nymphs
  2 guardian serpents
  An eye of devastation (shapeshifter) (Vaults:5)
  13 spiny frogs
  A spiny frog (shapeshifter) (Vaults:1)
  A yaktaur zombie (Vaults:5)
  A spark wasp simulacrum (Depths:4)
  6 freezing wraiths
  2 rime drakes (shapeshifter)
  8 komodo dragons
  3 rime drakes
  68 yaktaurs
  A yaktaur skeleton (Vaults:5)
  6 meliai (D:14)
  8 trolls
  37 merfolk
  A meliai (shapeshifter) (Depths:1)
  2 tengu conjurers (Depths:3)
  A troll (shapeshifter) (D:14)
  A harpy zombie (D:14)
  8 hornets
  A wind drake (shapeshifter) (Vaults:1)
  5 wind drakes
  A hornet (shapeshifter) (Vaults:2)
  9 hippogriffs
  3 polar bears (D:8)
  A blink frog (shapeshifter) (Vaults:4)
  12 slime creatures
  Prince Ribbit (D:7)
  10 blink frogs
  3 human simulacra
  5 dream sheep (Lair:5)
  A stone giant simulacrum (Vaults:5)
  7 snapping turtles
  A tarantella (shapeshifter) (Elf:3)
  9 redbacks
  Sigmund (D:2)
  3 spriggans
  2 shadows
  5 air elementals
  3 vampires
  12 water elementals
  2 ettin skeletons
  2 wraiths
  16 wyverns
  3 fire elementals
  39 yaks
  A basilisk (shapeshifter) (D:14)
  A human (shapeshifter) (D:13)
  A wyvern (shapeshifter) (Elf:3)
  A human (D:7)
  A golden eye (shapeshifter) (Vaults:1)
  2 basilisks
  Grum (D:9)
  5 hungry ghosts
  3 hogs (D:7)
  9 wargs
  7 soldier ants
  Edmund (D:4)
  3 acid dragons
  33 nagas
  A soldier ant (shapeshifter) (Elf:3)
  23 water moccasins
  Duvessa (D:5)
  A floating eye (Depths:2)
  6 porcupines
  An ice beast (shapeshifter) (Elf:3)
  3 black bears
  6 sky beasts
  A hornet zombie (D:10)
  An ice beast (D:9)
  2 sky beasts (shapeshifter)
  An elf zombie (Vaults:4)
  6 eyes of draining
  57 orc warriors
  An orc zombie (Vaults:1)
  38 ogres
  An ice dragon simulacrum (Depths:1)
  3 necrophages
  2 phantoms
  12 boggarts
  15 centaurs
  10 wolves
  17 crocodiles
  2 gnoll sergeants
  18 bullfrogs
  3 human zombies
  Dowan (D:5)
  3 earth elementals
  A wyvern skeleton (D:8)
  5 killer bees
  9 wights
  4 electric eels
  2 howler monkeys
  5 centaur zombies
  4 crimson imps
  A bullfrog zombie (D:2)
  A jelly (shapeshifter) (Vaults:1)
  9 hounds
  12 jellies
  38 orc priests
  2 iguanas
  15 orc wizards
  A bullfrog skeleton (D:8)
  4 centaur skeletons
  Natasha (thrice) (D:4)
  A worker ant (shapeshifter) (Elf:3)
  13 worker ants
  A killer bee zombie (D:8)
  A bullfrog simulacrum (D:8)
  A hound zombie (D:9)
  A hound skeleton (D:4)
  A killer bee simulacrum (D:8)
  A worker ant zombie (D:10)
  5 gnolls
  A howler monkey skeleton (D:10)
  10 adders
  An adder (shapeshifter) (Vaults:2)
  4 shadow imps
  7 white imps (D:8)
  An ufetubus (D:8)
  An ooze (D:3)
  2 adder skeletons
  A worm (D:3)
  2 dart slugs
  6 leopard geckos
  115 orcs
  11 bats
  5 giant cockroaches
  9 goblins
  4 hobgoblins
  8 jackals
  4 quokkas
  A ball python (D:3)
  4 frilled lizards
  A giant cockroach zombie (D:5)
  2 jackal skeletons (D:4)
  8 kobolds
  A quokka skeleton (D:9)
  7 rats
  A butterfly (Lair:3)
  7 crawling corpses
  6 fungi
  27 plants
  7 tentacles
2168 creatures vanquished.

Vanquished Creatures (others)
  Asterion (Depths:1)
  A dancing weapon (Elf:3)
  A satyr (Shoals:4)
  A deep elf mage (Elf:1)
  A moth of wrath (shapeshifter) (Vaults:5)
  A warg (Vaults:5)
  A boggart (Vaults:2)
  A killer bee (Depths:3)
  An adder (D:8)
  An orc (Vaults:5)
  10 fungi
  42 plants
  8 tentacles
  A withered plant (Snake:4)
71 creatures vanquished.

Grand Total: 2239 creatures vanquished

Notes
Turn   | Place    | Note
-------+----------+-------------------------------------------
     0 | D:1      | Kairos the Hill Orc Fighter began the quest for the Orb.
     0 | D:1      | Reached XP level 1. HP: 19/19 MP: 1/1
   130 | D:1      | Reached XP level 2. HP: 27/27 MP: 2/2
   511 | D:1      | Reached XP level 3. HP: 33/33 MP: 3/3
   799 | D:2      | Reached XP level 4. HP: 22/40 MP: 2/4
   979 | D:2      | Noticed Sigmund
  1031 | D:2      | Killed Sigmund
  1031 | D:2      | Reached skill level 4 in Fighting
  1031 | D:2      | Reached skill level 5 in Axes
  1031 | D:2      | Reached skill level 1 in Dodging
  1031 | D:2      | Reached XP level 5. HP: 32/46 MP: 5/5
  1031 | D:2      | Reached XP level 6. HP: 37/52 MP: 6/6
  1586 | D:2      | Found an iron altar of Okawaru.
  1827 | D:2      | Became a worshipper of Warmaster Okawaru
  2562 | D:3      | Found a burning altar of Makhleb.
  2665 | D:4      | Reached XP level 7. HP: 52/59 MP: 5/7
  2749 | D:4      | Noticed Edmund
  2782 | D:4      | Killed Edmund
  2830 | D:4      | Reached * piety under Okawaru
  2876 | D:4      | Learned a level 2 spell: Blink
  2879 | D:4      | Noticed Natasha
  2895 | D:4      | Killed Natasha
  2904 | D:4      | Noticed Natasha
  2916 | D:4      | Killed Natasha
  2919 | D:4      | Noticed Natasha
  2932 | D:4      | Killed Natasha
  3027 | D:4      | Got a slimy helmet
  3033 | D:4      | Identified the +3 helmet of the Nexus {rF+ Regen+ SInv}
                  | (You found it on level 4 of the Dungeon)
  3209 | D:5      | Entered Level 5 of the Dungeon
  3298 | D:5      | Found a white marble altar of Elyvilon.
  3462 | D:5      | Reached skill level 5 in Shields
  3464 | D:5      | Reached XP level 8. HP: 39/67 MP: 3/8
  3470 | D:5      | Reached skill level 5 in Armour
  3536 | D:5      | Noticed Duvessa
  3536 | D:5      | Noticed Dowan
  3546 | D:5      | Killed Duvessa
  3550 | D:5      | Found a staircase to the Ecumenical Temple.
  3560 | D:5      | Killed Dowan
  3563 | D:5      | Reached ** piety under Okawaru
  3872 | D:5      | Found Fozoovul's Jewellery Shop.
  4075 | D:5      | Bought a +3 ring of protection for 231 gold pieces
  4162 | D:6      | Found a shattered altar of Ashenzari.
  4197 | D:6      | Reached skill level 5 in Fighting
  4206 | D:6      | Got a brightly glowing copper ring
  4208 | D:6      | Identified the ring "Mowocogyro" {rC+ Int+7 Dex-2} (You
                  | found it on level 6 of the Dungeon)
  4211 | D:6      | Found a shimmering altar of Xom.
  4218 | D:6      | Found a shimmering altar of Xom.
  4219 | D:6      | Found a shimmering altar of Xom.
  4219 | D:6      | Found a shimmering altar of Xom.
  4233 | D:6      | Found a shimmering altar of Xom.
  4665 | D:6      | Reached skill level 10 in Axes
  4933 | D:7      | Found a radiant altar of Vehumet.
  4949 | D:7      | Reached XP level 9. HP: 72/74 MP: 9/9
  4958 | D:7      | Noticed Prince Ribbit
  5115 | D:7      | Reached skill level 6 in Fighting
  5138 | D:7      | Found a snail-covered altar of Cheibriados.
  5155 | D:7      | Killed Prince Ribbit
  5155 | D:7      | Reached *** piety under Okawaru
  5202 | D:7      | Reached skill level 1 in Evocations
  5207 | D:7      | Reached skill level 1 in Invocations
  5529 | D:8      | Noticed a polar bear
  5530 | D:8      | Noticed a polar bear
  5530 | D:8      | Noticed a polar bear
  5543 | D:8      | Killed a polar bear
  5566 | D:8      | Killed a polar bear
  5566 | D:8      | Reached **** piety under Okawaru
  5566 | D:8      | Reached skill level 7 in Fighting
  5566 | D:8      | Reached XP level 10. HP: 60/86 MP: 8/11
  5785 | D:8      | Noticed Maurice
  5847 | D:8      | Killed Maurice
  5907 | D:8      | Noticed Erica
  5938 | D:8      | Killed Erica
  5938 | D:8      | Reached ***** piety under Okawaru
  6286 | D:8      | Received a gift from Okawaru
  6495 | D:8      | Noticed Psyche
  6512 | D:8      | Killed Psyche
  6539 | D:8      | Reached skill level 8 in Fighting
  7199 | D:9      | Found a stormy altar of Qazlal.
  7229 | D:9      | Found a staircase to the Orcish Mines.
  7267 | D:9      | Noticed a centaur warrior
  7268 | D:9      | Noticed a two-headed ogre
  7616 | D:9      | Found a bloodstained altar of Trog.
  7647 | D:9      | Reached XP level 11. HP: 94/94 MP: 12/12
  7803 | D:9      | Noticed a manticore
  7810 | D:9      | Noticed Grum
  7811 | D:9      | Killed a manticore
  7824 | D:9      | Killed Grum
  7833 | D:9      | Received a gift from Okawaru
  7836 | D:9      | Got a pitted executioner's axe {god gift}
  7842 | D:9      | Identified the +1 executioner's axe "Dethri" {chop, rPois}
                  | (Okawaru gifted it to you on level 9 of the Dungeon)
  7880 | D:9      | Found Quur's General Store.
  7985 | D:9      | Reached skill level 15 in Axes
  8328 | D:9      | Killed a centaur warrior
  8440 | D:9      | Found a bloodstained altar of Trog.
  8513 | D:9      | Killed a two-headed ogre
  8535 | D:10     | Entered Level 10 of the Dungeon
  8861 | D:10     | Found a staircase to the Lair.
  8939 | D:10     | Reached XP level 12. HP: 88/103 MP: 13/13
  9253 | D:10     | Reached skill level 9 in Fighting
  9492 | Lair:1   | Entered Level 1 of the Lair of Beasts
  9492 | Lair:1   | Noticed a five-headed hydra
  9509 | Lair:1   | Killed a five-headed hydra
  9509 | Lair:1   | Received a gift from Okawaru
  9644 | Lair:1   | You fall through a shaft!
  9665 | Lair:2   | Reached skill level 1 in Maces & Flails
 10377 | Lair:2   | Noticed a six-headed hydra
 10471 | Lair:2   | Gained mutation: You are partially covered in large bone
                  | plates. (SH +4) [potion of mutation]
 10471 | Lair:2   | Gained mutation: You expend magic power (3 MP) to
                  | strengthen your wands. [potion of mutation]
 10471 | Lair:2   | Gained mutation: Your flesh is cold resistant. (rC+)
                  | [potion of mutation]
 10471 | Lair:2   | Gained mutation: Your mind is acute. (Int +2) [potion of
                  | mutation]
 10585 | Lair:2   | Killed a six-headed hydra
 10992 | Lair:2   | Noticed a five-headed hydra
 10999 | Lair:2   | Noticed a four-headed hydra
 11003 | Lair:2   | Killed a five-headed hydra
 11009 | Lair:2   | Killed a four-headed hydra
 11009 | Lair:2   | Reached skill level 10 in Shields
 11344 | Lair:3   | Reached skill level 10 in Fighting
 11349 | Lair:3   | Received a gift from Okawaru
 11349 | Lair:3   | Reached ****** piety under Okawaru
 11349 | Lair:3   | Reached XP level 13. HP: 113/113 MP: 15/15
 11354 | Lair:3   | Got a bloodstained battleaxe {god gift}
 11371 | Lair:3   | Identified the +8 battleaxe "Inaorij" {vamp, rElec}
                  | (Okawaru gifted it to you on level 3 of the Lair of Beasts)
 11541 | Lair:3   | Noticed Urug
 11563 | Lair:3   | Killed Urug
 11641 | Lair:3   | Reached skill level 5 in Maces & Flails
 11709 | Lair:3   | Received a gift from Okawaru
 11711 | Lair:3   | Noticed Gastronok
 11749 | Lair:3   | Killed Gastronok
 11761 | Lair:3   | Reached skill level 11 in Fighting
 11767 | Lair:3   | Got a pair of slimy gloves {god gift}
 11778 | Lair:3   | Identified the +2 pair of gloves of Loss {*Corrode +Fly
                  | Str-3 Int+9} (Okawaru gifted it to you on level 3 of the
                  | Lair of Beasts)
 11798 | Lair:3   | Found a staircase to the Shoals.
 11840 | Lair:3   | Found a staircase to the Snake Pit.
 13078 | Lair:5   | Reached skill level 12 in Fighting
 13571 | Lair:6   | Entered Level 6 of the Lair of Beasts
 13588 | Lair:6   | Found a staircase to the Slime Pits.
 13824 | Lair:6   | Reached XP level 14. HP: 107/126 MP: 16/16
 13833 | Lair:6   | Reached skill level 10 in Armour
 13916 | Lair:6   | Received a gift from Okawaru
 13917 | Lair:6   | Found the +2 ratskin cloak {+Rats rPois rN+ Str-1 Int-1
                  | Dex+1}
 14372 | Lair:6   | Reached skill level 13 in Fighting
 14412 | Lair:6   | Identified the +1 ring mail "Wehiwk" {*Corrode rPois rC+}
                  | (You found it on level 6 of the Lair of Beasts)
 14461 | Lair:6   | Received a gift from Okawaru
 14655 | Lair:6   | Identified 2 scrolls of acquirement
 14940 | Shoals:1 | Entered Level 1 of the Shoals
 14974 | Shoals:1 | Reached skill level 5 in Dodging
 15469 | Shoals:1 | Reached XP level 15. HP: 55/137 MP: 17/17
 15760 | Shoals:1 | Reached skill level 14 in Fighting
 16094 | Shoals:1 | Got a pair of brightly glowing gloves
 16105 | Shoals:1 | Identified the +2 pair of gloves "Qeesk" {*Contam rPois
                  | Int+6 Dex+2} (You acquired it on level 1 of the Shoals)
 16144 | Shoals:1 | Lost mutation: Your flesh is cold resistant. (rC+)
                  | [mutagenic glow]
 16258 | Shoals:2 | Reached skill level 1 in Spellcasting
 16328 | Shoals:2 | Received a gift from Okawaru
 16459 | Shoals:2 | Noticed a kraken
 16470 | Shoals:2 | Killed a kraken
 16470 | Shoals:2 | Reached skill level 5 in Invocations
 16650 | Shoals:2 | Received a gift from Okawaru
 16651 | Shoals:2 | Found the +8 Wrath of Trog {antimagic, *Rage}
 16789 | Shoals:2 | Found a large runed translucent door.
 16790 | Shoals:2 | Found a large runed translucent door.
 16792 | Shoals:2 | Noticed Yunesin's ghost (journeyman MiBe)
 16809 | Shoals:2 | Killed Yunesin's ghost
 16821 | Shoals:2 | Identified the amulet of Beomeym {Inacc +Blink rF- rN+++
                  | Int-5} (You found it on level 2 of the Shoals)
 16947 | Shoals:3 | Noticed Ilsuiw
 17035 | Shoals:2 | Received a gift from Okawaru
 17099 | Shoals:3 | Reached XP level 16. HP: 111/147 MP: 13/20
 17217 | Shoals:3 | Killed Ilsuiw
 17217 | Shoals:3 | Reached skill level 15 in Fighting
 17339 | Shoals:3 | Noticed a kraken
 17354 | Shoals:3 | Killed a kraken
 17354 | Shoals:3 | Reached skill level 15 in Shields
 17683 | Shoals:3 | Got a twisted shield
 17689 | Shoals:3 | Identified the +0 shield of the Postmodern Curses {rC- MR++
                  | Regen+ rCorr} (You acquired it on level 3 of the Shoals)
 17895 | Shoals:4 | Entered Level 4 of the Shoals
 17918 | Shoals:4 | Got a glittering ivory ring
 17920 | Shoals:4 | Identified the ring "Zeruxt" {EV+4 Int+2} (You found it on
                  | level 4 of the Shoals)
 18050 | Shoals:4 | Received a gift from Okawaru
 18134 | Shoals:4 | Reached skill level 1 in Stealth
 18275 | Shoals:4 | Got a barnacled rune of Zot
 18338 | Shoals:4 | Received a gift from Okawaru
 18394 | Shoals:4 | Found Cann's Magic Scroll Emporium.
 18426 | Shoals:4 | Bought a scroll of blinking for 135 gold pieces
 18426 | Shoals:4 | Bought a scroll of brand weapon for 360 gold pieces
 18428 | Shoals:4 | Bought 3 scrolls of magic mapping for 189 gold pieces
 18439 | Shoals:4 | Reached skill level 16 in Fighting
 18469 | Shoals:4 | Received a gift from Okawaru
 18804 | Shoals:4 | Bought a scroll of fog for 36 gold pieces
 18804 | Shoals:4 | Bought a scroll of identify for 36 gold pieces
 18804 | Shoals:4 | Bought a scroll of identify for 36 gold pieces
 18804 | Shoals:4 | Bought a scroll of identify for 36 gold pieces
 18812 | Shoals:4 | Bought a scroll of holy word for 135 gold pieces
 18812 | Shoals:4 | Bought a scroll of enchant armour for 135 gold pieces
 18812 | Shoals:4 | Bought a scroll of enchant weapon for 135 gold pieces
 18949 | Snake:1  | Entered Level 1 of the Snake Pit
 19042 | Snake:1  | Reached XP level 17. HP: 145/159 MP: 18/24
 19167 | Snake:1  | You fall through a shaft!
 19211 | Snake:2  | Found a runed translucent door.
 19211 | Snake:2  | Noticed grocchini's ghost (adept VSAs)
 19460 | Snake:2  | Found a hazy altar of Hepliaklqana.
 19686 | Snake:3  | Reached skill level 5 in Spellcasting
 20011 | Snake:3  | Reached skill level 17 in Fighting
 20069 | Snake:3  | Received a gift from Okawaru
 20101 | Snake:3  | Learned a level 3 spell: Regeneration
 20258 | Snake:3  | Noticed Mara
 20262 | Snake:3  | Noticed Kairos's illusion
 20542 | Snake:3  | Noticed Kairos's illusion
 20586 | Snake:3  | Noticed Kairos's illusion
 20587 | Snake:3  | Killed Mara
 20587 | Snake:3  | Reached skill level 1 in Charms
 20587 | Snake:3  | Reached skill level 1 in Necromancy
 20748 | Snake:4  | Entered Level 4 of the Snake Pit
 20755 | Snake:4  | Found Beociedu's Bounteous Boutique.
 21030 | Snake:4  | Found a runed translucent door.
 21053 | Snake:4  | Noticed Irenicus's ghost (adept DDEE)
 21095 | Snake:4  | Noticed Vashnia
 21096 | Snake:4  | Received a gift from Okawaru
 21117 | Snake:4  | Got a crude broad axe {god gift}
 21129 | Snake:4  | Killed Vashnia
 21144 | Snake:4  | Identified the +4 broad axe of Risk Management {freeze, rC+
                  | Int+2} (Okawaru gifted it to you on level 4 of the Snake
                  | Pit)
 21205 | Snake:4  | Found Tuibanogh's Weapon Emporium.
 21596 | Snake:4  | Reached XP level 18. HP: 114/171 MP: 27/27
 22245 | Snake:4  | Reached skill level 18 in Fighting
 22315 | Snake:4  | Got a serpentine rune of Zot
 22359 | Snake:4  | Received a gift from Okawaru
 22374 | Snake:4  | Identified a +0 pair of boots of running (Okawaru gifted it
                  | to you on level 4 of the Snake Pit)
 22462 | Snake:4  | Killed Irenicus's ghost
 22471 | Snake:4  | Got an iridescent whip
 22472 | Snake:4  | Identified the +9 whip of the Secret Gods {slash, Int+4}
                  | (You found it on level 4 of the Snake Pit)
 22660 | Orc:1    | Entered Level 1 of the Orcish Mines
 23186 | Orc:2    | Entered Level 2 of the Orcish Mines
 23231 | Orc:2    | Found a staircase to the Elven Halls.
 23729 | Orc:2    | Found Ufuxkean's Antique Weapon Boutique.
 23729 | Orc:2    | Found Qitonabe's Jewellery Boutique.
 23730 | Orc:2    | Found Edidghua's Antique Armour Shop.
 23730 | Orc:2    | Found Ujeto's Antique Armour Boutique.
 23737 | Orc:2    | Bought a cursed amulet of inaccuracy for 22 gold pieces
 23737 | Orc:2    | Bought a cursed -5 ring of strength for 22 gold pieces
 23826 | Elf:1    | Entered Level 1 of the Elven Halls
 23933 | Elf:1    | Reached skill level 5 in Necromancy
 24017 | Elf:1    | Reached skill level 19 in Fighting
 24022 | Elf:1    | Reached skill level 5 in Charms
 24075 | Elf:1    | Received a gift from Okawaru
 24347 | Elf:1    | Found Hotopry's Book Boutique.
 24403 | Elf:1    | Found Hyicsid's Magic Scroll Boutique.
 24532 | Elf:1    | Reached XP level 19. HP: 90/183 MP: 26/29
 24647 | Elf:1    | Found Gacig's Distillery.
 24690 | Elf:1    | Found Yreavipe's Jewellery Shoppe.
 24693 | Elf:1    | Bought the macabre finger necklace {rN+} for 440 gold
                  | pieces
 24693 | Elf:1    | Bought a cursed -3 ring of evasion for 22 gold pieces
 24693 | Elf:1    | Found the macabre finger necklace {rN+}
 24698 | Elf:1    | Bought the ring "Mav Daut" {rPois rF+ MR+ Int+3 Stlth-} for
                  | 413 gold pieces
 24707 | Elf:1    | Found Juk Ome's Distillery.
 24784 | Elf:1    | Identified the Incunabulum of Creative Battle Magic
 25071 | Elf:2    | Found Neaperal's Distillery.
 25404 | Elf:2    | Found a runed translucent gate.
 25404 | Elf:2    | Found a runed translucent gate.
 25408 | Elf:2    | Found a runed translucent gate.
 25545 | Elf:2    | Received a gift from Okawaru
 25652 | Elf:2    | Reached skill level 20 in Fighting
 25755 | Elf:3    | Entered Level 3 of the Elven Halls
 25959 | Elf:3    | Found a transporter.
 26004 | Elf:3    | Noticed vishdafish's ghost (adept GnFi)
 26039 | Elf:3    | Found Pylius's Food Shop.
 26106 | Elf:3    | Found a transporter.
 26321 | Elf:3    | Killed vishdafish's ghost
 26328 | Elf:3    | Got a clouded wooden ring
 26339 | Elf:3    | Identified the ring of the Shrike {*Drain rElec rN+ Str+4}
                  | (You found it on level 3 of the Elven Halls)
 26342 | Elf:3    | Got a spiked cloak
 26353 | Elf:3    | Identified the +1 cloak "Ebedan" {+Blink MR+ Str+4 SInv}
                  | (You found it on level 3 of the Elven Halls)
 26603 | Elf:3    | Received a gift from Okawaru
 26620 | Elf:3    | Noticed an Ice Fiend
 26624 | Elf:3    | Identified the +6 broad axe of Discretion {chop, *Noise rN+
                  | Int+7} (Okawaru gifted it to you on level 3 of the Elven
                  | Halls)
 26629 | Elf:3    | Reached XP level 20. HP: 105/195 MP: 25/31
 26763 | Elf:3    | Received a gift from Okawaru
 26776 | Elf:3    | Reached skill level 21 in Fighting
 26780 | Elf:3    | Got a heavily runed shield {god gift}
 26860 | Elf:3    | Identified the +2 shield "Xuykippu" {rN+ Str+2 SInv}
                  | (Okawaru gifted it to you on level 3 of the Elven Halls)
 27039 | Elf:3    | Identified the Reference Book on Enchanting Transformation
 27061 | Elf:3    | Identified the amulet "Opnul" {Harm *Drain rF+ rC+ MR-
                  | Int+4} (You found it on level 3 of the Elven Halls)
 27065 | Elf:3    | Identified the +6 scale mail "Ohucatz" {rElec MR+ Dex-3}
                  | (You found it on level 3 of the Elven Halls)
 28391 | D:12     | Noticed Sonja
 28403 | D:12     | Killed Sonja
 29308 | D:13     | Found a gate to the Vaults.
 30312 | Vaults:1 | Entered Level 1 of the Vaults
 30569 | Vaults:1 | Found a runed translucent gate.
 30569 | Vaults:1 | Found a runed translucent gate.
 30569 | Vaults:1 | Found a runed translucent gate.
 30569 | Vaults:1 | Noticed hyperkahler's ghost (veteran MiFi)
 30614 | Vaults:1 | Reached skill level 22 in Fighting
 30623 | Vaults:1 | Found a roughly hewn altar of Beogh.
 30709 | Vaults:1 | Killed hyperkahler's ghost
 30709 | Vaults:1 | Reached XP level 21. HP: 58/207 MP: 17/34
 30915 | Vaults:1 | Received a gift from Okawaru
 30917 | Vaults:1 | Reached skill level 15 in Armour
 31150 | Vaults:1 | Found Ofobaebbi's Food Boutique.
 31689 | Vaults:1 | Reached skill level 23 in Fighting
 31926 | Vaults:2 | Received a gift from Okawaru
 31995 | Vaults:2 | Received a gift from Okawaru
 32014 | Vaults:2 | Identified Qextihutt's Guide on Congealing Battle Magic
 32424 | Vaults:2 | Reached XP level 22. HP: 203/222 MP: 35/35
 32431 | Vaults:2 | Reached skill level 24 in Fighting
 32507 | Vaults:2 | Found Ephihin's Antique Armour Shoppe.
 32510 | Vaults:2 | Bought a pair of scorched gloves for 313 gold pieces
 32512 | Vaults:2 | Identified the +1 pair of gloves "Milomuis" {rPois rCorr
                  | Str-5 Dex+6} (You bought it in a shop on level 2 of the
                  | Vaults)
 32522 | Vaults:2 | Found Muive's Assorted Antiques.
 32526 | Vaults:2 | Bought a scroll of identify for 80 gold pieces
 32655 | Vaults:2 | Found Jyesobym's Weapon Shop.
 32665 | Vaults:2 | Reached skill level 10 in Spellcasting
 32674 | Vaults:2 | Found Sokagucs's Book Shoppe.
 32903 | Vaults:2 | Received a gift from Okawaru
 33234 | Vaults:2 | Found a staircase to the Crypt.
 33234 | Vaults:2 | Found an ancient bone altar of Kikubaaqudgha.
 33235 | Vaults:2 | Found a basalt altar of Yredelemnul.
 33282 | Crypt:1  | Entered Level 1 of the Crypt
 33613 | Vaults:3 | Lost mutation: Your mind is acute. (Int +2) [potion of
                  | mutation]
 33613 | Vaults:3 | Gained mutation: You are dopey. (Int -2) [potion of
                  | mutation]
 33613 | Vaults:3 | Gained mutation: You have a pair of small horns on your
                  | head. [potion of mutation]
 33613 | Vaults:3 | Gained mutation: You are resistant to hostile enchantments.
                  | (MR+) [potion of mutation]
 33614 | Vaults:3 | Lost mutation: You are resistant to hostile enchantments.
                  | (MR+) [potion of mutation]
 33614 | Vaults:3 | Lost mutation: You are partially covered in large bone
                  | plates. (SH +4) [potion of mutation]
 33614 | Vaults:3 | Gained mutation: You have sharp fingernails. [potion of
                  | mutation]
 33614 | Vaults:3 | Gained mutation: You have sharp toenails. [potion of
                  | mutation]
 33615 | Vaults:3 | Lost mutation: You have sharp fingernails. [potion of
                  | mutation]
 33615 | Vaults:3 | Lost mutation: You are dopey. (Int -2) [potion of mutation]
 33615 | Vaults:3 | Gained mutation: Your mind is acute. (Int +2) [potion of
                  | mutation]
 33615 | Vaults:3 | Gained mutation: You are partially covered in icy blue
                  | scales. (AC +2) [potion of mutation]
 33616 | Vaults:3 | Lost mutation: Your mind is acute. (Int +2) [potion of
                  | mutation]
 33616 | Vaults:3 | Lost mutation: You expend magic power (3 MP) to strengthen
                  | your wands. [potion of mutation]
 33616 | Vaults:3 | Lost mutation: You have sharp toenails. [potion of
                  | mutation]
 33616 | Vaults:3 | Gained mutation: Your flesh is cold resistant. (rC+)
                  | [potion of mutation]
 33617 | Vaults:3 | Lost mutation: You have a pair of small horns on your head.
                  | [potion of mutation]
 33617 | Vaults:3 | Lost mutation: You are partially covered in icy blue
                  | scales. (AC +2) [potion of mutation]
 33617 | Vaults:3 | Gained mutation: You are resistant to hostile enchantments.
                  | (MR+) [potion of mutation]
 33617 | Vaults:3 | Gained mutation: Your mind is acute. (Int +2) [potion of
                  | mutation]
 33617 | Vaults:3 | Gained mutation: You expend magic power (3 MP) to
                  | strengthen your wands. [potion of mutation]
 33872 | Vaults:3 | Found a portal to a secret trove of treasure.
 34150 | Vaults:3 | Received a gift from Okawaru
 34285 | Vaults:3 | You fall through a shaft!
 34292 | Vaults:4 | Reached skill level 25 in Fighting
 34946 | Vaults:4 | Found the cursed necklace of Bloodlust {*Rage +Rage MR++
                  | Int-3 Slay+6 *Curse}
 34967 | Vaults:4 | Received a gift from Okawaru
 34980 | Vaults:4 | Got a pitted chain mail {god gift}
 34986 | Vaults:4 | Identified the +10 chain mail "Faun" {Dex+3} (Okawaru
                  | gifted it to you on level 4 of the Vaults)
 35062 | Vaults:4 | Reached XP level 23. HP: 215/235 MP: 37/37
 35253 | Vaults:4 | Paralysed by the power of Zot for 2 turns
 35631 | Vaults:4 | Reached skill level 26 in Fighting
 36005 | Vaults:5 | Entered Level 5 of the Vaults
 36005 | Vaults:5 | Noticed Margery
 36045 | Vaults:5 | Noticed an ancient lich
 36046 | Vaults:5 | Killed Margery
 36080 | Vaults:5 | Killed an ancient lich
 36216 | Vaults:5 | Received a gift from Okawaru
 36256 | Vaults:5 | Reached skill level 27 in Fighting
 36261 | Vaults:5 | Identified the amulet of the Komtur {Gourm -Tele rC+ Int+4
                  | Dex+3} (You found it on level 5 of the Vaults)
 36349 | Vaults:5 | Identified the amulet of Virtue {rPois rC+ Regen+ Dex-5
                  | SInv}
 36442 | Vaults:5 | Reached XP level 24. HP: 213/249 MP: 38/38
 36526 | Vaults:5 | Reached skill level 10 in Dodging
 36583 | Vaults:5 | Reached skill level 1 in Translocations
 36628 | Vaults:5 | Received a gift from Okawaru
 36891 | Vaults:5 | Noticed an ancient lich
 36909 | Vaults:5 | Killed an ancient lich
 37175 | Vaults:5 | Got a silver rune of Zot
 37292 | Vaults:5 | Received a gift from Okawaru
 37296 | Vaults:5 | Identified the +4 storm dragon scales "Odyhaa" {+Inv rElec}
                  | (Okawaru gifted it to you on level 5 of the Vaults)
 37464 | Vaults:5 | Identified Cufeghav's Handbook of the Blaze and Execration
 38374 | D:15     | Entered Level 15 of the Dungeon
 38421 | D:15     | Found a gate leading to a gauntlet.
 38473 | Gauntlet | Entered a Gauntlet
 38473 | Gauntlet | Found a transporter.
 38473 | Gauntlet | Found a transporter.
 38478 | Gauntlet | Found a transporter.
 38491 | Gauntlet | Found a transporter.
 38495 | Gauntlet | Found a transporter.
 38503 | Gauntlet | Found a transporter.
 38507 | Gauntlet | Found a transporter.
 38515 | Gauntlet | Found a transporter.
 38531 | Gauntlet | Found a transporter.
 38545 | Gauntlet | Found a transporter.
 38549 | Gauntlet | Found a transporter.
 38557 | Gauntlet | Found a transporter.
 38715 | Gauntlet | Identified the +1 cloak of Pyntissan {Stlth+} (You found it
                  | in a Gauntlet)
 38738 | Gauntlet | Found the +6 shillelagh "Devastator" {shatter}
 38774 | D:15     | Found a staircase to the Depths.
 38778 | D:15     | Reached skill level 5 in Evocations
 38790 | Depths:1 | Entered Level 1 of the Depths
 38814 | Depths:1 | Noticed Asterion
 38818 | Depths:1 | Found Efunaiz's Food Boutique.
 38830 | Depths:1 | Killed Asterion
 38832 | Depths:1 | Found Jolaog's Jewellery Shop.
 38835 | Depths:1 | Found Fezoe's Antique Weapon Boutique.
 38840 | Depths:1 | Bought a cursed ring of teleportation for 67 gold pieces
 39081 | Depths:1 | Reached XP level 25. HP: 159/257 MP: 39/39
 39142 | Depths:1 | Found a one-way gate to the infinite horrors of the Abyss.
 39267 | Depths:1 | Found a gateway to Hell.
 39319 | Depths:2 | Identified the +8 large shield of Xipuaf {MR+}
 39326 | Depths:2 | Found a gateway to a ziggurat.
 39389 | Depths:2 | Received a gift from Okawaru
 39398 | Depths:2 | Paralysed by a floating eye for 2 turns
 39672 | Depths:2 | Identified the +2 faerie dragon scales {rPois MR+ rCorr
                  | Stlth+}
 39672 | Depths:2 | Noticed the Enchantress
 39687 | Depths:2 | Killed the Enchantress
 40150 | Depths:3 | Found a runed translucent door.
 40168 | Depths:3 | Received a gift from Okawaru
 40242 | Depths:3 | Noticed a juggernaut
 40243 | Depths:3 | Found a one-way gate leading to the halls of Pandemonium.
 40243 | Depths:3 | Noticed a juggernaut
 40270 | Depths:3 | Killed a juggernaut
 40310 | Depths:3 | Received a gift from Okawaru
 40322 | Depths:3 | Identified the Reference Book on Sinister Beguiling
 40461 | Depths:4 | Reached XP level 26. HP: 177/266 MP: 37/40
 40894 | Depths:5 | Entered Level 5 of the Depths
 41193 | Depths:5 | Received a gift from Okawaru
 41198 | Depths:5 | Found a gate to the Realm of Zot.
 41272 | Zot:1    | Entered Level 1 of the Realm of Zot
 41392 | Zot:1    | Identified the +5 steam dragon scales "Jozui" {MR+} (You
                  | found it on level 1 of the Realm of Zot)
 41564 | Zot:1    | Reached skill level 5 in Stealth
 41581 | Zot:1    | Received a gift from Okawaru
 41914 | Zot:2    | Reached XP level 27. HP: 168/273 MP: 38/40
 42278 | Zot:5    | Entered Level 5 of the Realm of Zot
 42373 | Zot:5    | Received a gift from Okawaru
 42444 | Zot:5    | Noticed an orb of fire
 42445 | Zot:5    | Noticed an orb of fire
 42462 | Zot:5    | Killed an orb of fire
 42464 | Zot:5    | Noticed an orb of fire
 42467 | Zot:5    | Noticed an orb of fire
 42469 | Zot:5    | Noticed an ancient lich
 42469 | Zot:5    | Noticed an ancient lich
 42470 | Zot:5    | Gained mutation: You are clumsy. (Dex -2) [an orb of fire]
 42470 | Zot:5    | Gained mutation: Scrolls take you a little longer to read.
                  | [an orb of fire]
 42471 | Zot:5    | HP: 8/273 [orb of fire/bolt of fire (16)]
 42472 | Zot:5    | HP: 2/273 [ancient lich/bolt of lightning (8)]
 42473 | Zot:5    | Noticed an orb of fire
 42474 | Zot:5    | Killed from afar by an orb of fire

Skill      XL: |  1  2  3  4  5  6  7  8  9 10 11 12 13 14 15 16 17 18 19 20 21 22 23 24 25 26 27 |
---------------+----------------------------------------------------------------------------------+-----
Axes           | 3 4 5 6 8 10 11 13 16 17 | 17.8
Shields        | 4 5 7 8 9 10 11 13 14 15 17 19 20 | 20.6
Fighting       | 4 5 7 8 10 12 13 14 16 17 19 20 22 23 25 27 | 27.0
Armour         | 4 5 6 7 8 9 11 12 13 14 15 16 17 18 | 18.5
Dodging        | 1 2 3 4 5 6 7 8 9 11 12 | 12.2
Evocations     | 1 2 3 5 8 9 |  9.0
Invocations    | 1 2 3 6 9 |  9.8
Maces & Flails | 3 5 7 |  7.0
Spellcasting   | 3 4 6 7 9 10 11 12 13 14 | 14.1
Stealth        | 1 2 3 5 6 |  6.9
Charms         | 3 5 6 |  6.7
Necromancy     | 3 5 7 |  7.3
Translocations | 4 |  4.4
Throwing       | |  0.2

Action                   |  1- 3 |  4- 6 |  7- 9 | 10-12 | 13-15 | 16-18 | 19-21 | 22-24 | 25-27 || total
-------------------------+-------+-------+-------+-------+-------+-------+-------+-------+-------++-------
Melee: War axe           |   106 |   211 |   315 |   123 |       |       |       |       |       ||   755
       Broad axe         |       |       |       |   340 |   761 |  1299 |  1349 |  1371 |  1019 ||  6139
       Morningstar       |       |       |       |    30 |    37 |       |       |       |       ||    67
       Battleaxe         |       |       |       |       |     3 |       |       |       |       ||     3
       Demon whip        |       |       |       |       |       |       |       |       |   103 ||   103
Throw: Javelin           |       |       |       |     1 |       |     3 |       |       |       ||     4
 Cast: Regeneration      |       |       |       |       |       |       |     1 |       |     1 ||     2
       Blink             |       |       |       |       |       |       |       |       |     1 ||     1
Invok: Heroism           |       |       |     4 |     9 |    18 |    26 |    14 |     6 |    13 ||    90
       Finesse           |       |       |       |     1 |     3 |     9 |     4 |     3 |     8 ||    28
 Abil: Evoke Berserk Rag |       |       |     1 |       |       |       |       |       |       ||     1
       Evoke Flight      |       |       |       |       |     5 |     7 |       |       |       ||    12
       Evoke Ratskin     |       |       |       |       |     2 |       |     1 |       |       ||     3
       Evoke Invisibilit |       |       |       |       |       |       |       |       |     1 ||     1
Evoke: Wand              |       |       |     7 |     5 |       |       |     4 |       |     2 ||    18
  Use: Scroll            |       |       |     6 |     9 |    14 |    14 |    12 |     7 |    13 ||    75
       Potion            |       |       |       |     1 |       |       |     4 |     6 |     2 ||    13
 Stab: Distracted        |       |       |       |       |     1 |     1 |     1 |       |     1 ||     4
       Invisible         |       |       |       |       |       |       |       |       |     5 ||     5
  Eat: Chunk             |       |     5 |     7 |    14 |    12 |     4 |    11 |    16 |       ||    69
       Ration            |       |       |     1 |     3 |     5 |     5 |     4 |     2 |     4 ||    24
Armor: Scale mail        |    64 |       |       |       |       |       |   141 |    97 |       ||   302
       Chain mail        |       |   113 |   157 |   188 |   336 |   320 |   101 |   242 |       ||  1457
       Storm dragon scal |       |       |       |       |       |       |       |   117 |   363 ||   480
Dodge: Dodged            |    37 |    52 |    95 |   131 |   245 |   399 |   238 |   434 |   295 ||  1926
Block: Shield            |    68 |    90 |   177 |   293 |   683 |  1057 |   690 |   756 |    60 ||  3874
       Other             |       |       |       |       |     6 |       |       |       |       ||     6
       Large shield      |       |       |       |       |       |       |       |       |  1186 ||  1186
